AoeStats
← 沉香

Fortress

507976416Analyzed
4v4 RM · 12d ago on Sep 20, 2026· 52m 28s· 8 players
Game mode
Random Map
Map size
Huge
Population
200
Speed
Normal
Resources
Standard
Victory
Conquest
Starting age
Dark Age
Ending age
Imperial Age
RankedLock teamsTeams togetherTeam positionsShared explorationLock speedFull tech treeHidden civsTurbo modeCheats
Victory
Defeat
🇨🇳 Spanish · China
1869
+11
🇪🇸 Saracens · Spain
1765
+15
🇨🇳 Magyars · China
1630
+20
🇨🇳 Bohemians · China
1563
+23
🇩🇰 Gurjaras · Denmark
1787
-19
🇹🇼 Tatars · Taiwan
1754
-18
🇫🇷 Spanish · France
1723
-17
🇮🇳 Vietnamese · India
1673
-15
2KM1
7:30 Feudal Age
8:33 Double-Bit Axe
11:08 Castle Age
9:40 Horse Collar
12:02 Bow Saw
15:27 Wheelbarrow
15:50 Heavy Plow
17:29 Hand Cart
19:08 Gold Mining
21:21 Fletching
21:42 Padded Archer Armor
21:29 Loom
22:25 Gold Shaft Mining
21:41 Stone Mining
22:34 Husbandry
23:15 Ballistics
23:59 Leather Archer Armor
23:40 Bodkin Arrow
24:32 Leather Archer Armor
24:41 Town Watch
25:29 Bloodlines
29:25 Imperial Age
28:20 Town Patrol
28:59 Masonry
30:09 Bracer
29:45 Onager
31:13 Ring Archer Armor
32:16 Chemistry
32:15 Conscription
33:02 Siege Engineers
33:04 Heavy Cavalry Archer
37:26 Elite Skirmisher
38:52 Imperial Skirmisher
42:36 Crop Rotation
43:16 Fortified Wall
43:57 Caravan
44:19 Squires
49:41 Treadmill Crane
Riut
7:11 Feudal Age
11:27 Castle Age
9:18 Horse Collar
9:45 Double-Bit Axe
12:01 Forging
16:03 Loom
21:07 Bloodlines
22:34 Wheelbarrow
22:52 Town Watch
25:02 Husbandry
26:02 Padded Archer Armor
31:28 Imperial Age
30:24 Leather Archer Armor
31:23 Hand Cart
32:28 Elite Conquistador
34:04 Conscription
34:16 Ring Archer Armor
38:52 Supremacy
38:45 Bow Saw
38:36 Heavy Plow
38:28 Gold Mining
38:29 Stone Mining
40:17 Hoardings
41:39 Chemistry
40:50 Masonry
41:08 Caravan
41:19 Guilds
43:56 Coinage
45:41 Banking
47:26 Architecture
50:00 Fortified Wall
51:08 Fletching
Overcat
7:59 Feudal Age
11:40 Castle Age
9:45 Horse Collar
10:31 Double-Bit Axe
12:56 Heavy Plow
14:15 Loom
18:44 Bow Saw
19:44 Wheelbarrow
19:56 Fletching
23:01 Bodkin Arrow
23:43 Padded Archer Armor
27:40 Imperial Age
26:20 Hand Cart
26:50 Ballistics
28:22 Bracer
29:27 Chemistry
30:58 Elite Fire Lancer
31:39 Scale Mail Armor
32:44 Chain Mail Armor
34:18 Plate Mail Armor
34:57 Forging
34:52 Caravan
34:36 Elite Rattan Archer
35:52 Leather Archer Armor
37:56 Iron Casting
37:54 Ring Archer Armor
45:03 Paper Money
46:43 Hoardings
CristinaLover
7:15 Feudal Age
10:47 Castle Age
8:56 Double-Bit Axe
9:03 Horse Collar
11:43 Bow Saw
14:16 Heavy Plow
19:42 Wheelbarrow
19:34 Gold Mining
20:42 Loom
21:07 Stone Mining
21:55 Gold Shaft Mining
22:03 Scale Barding Armor
21:51 Fletching
22:11 Scale Barding Armor
25:10 Imperial Age
22:35 Fletching
23:05 Forging
23:41 Kshatriyas
24:38 Iron Casting
24:53 Husbandry
25:03 Bloodlines
25:13 Heavy Camel Rider
26:18 Chain Barding Armor
26:23 Conscription
26:03 Elite Shrivamsha Rider
27:34 Hand Cart
32:01 Frontier Guards
32:13 Light Cavalry
32:59 Siege Elephant
34:06 Hussar
39:49 Plate Barding Armor
39:56 Iron Casting
41:17 Caravan
42:59 Fletching
50:43 Coinage
52:04 Ballistics
51:26 Treadmill Crane
51:44 Bodkin Arrow
DZT_白霜魔头
7:48 Feudal Age
9:02 Double-Bit Axe
11:26 Castle Age
9:47 Horse Collar
11:18 Gold Mining
13:26 Padded Archer Armor
13:44 Bow Saw
16:25 Bloodlines
17:51 Leather Archer Armor
20:00 Husbandry
19:48 Town Watch
20:44 Loom
26:37 Wheelbarrow
30:02 Hand Cart
30:02 Stone Mining
33:12 Imperial Age
33:18 Imperial Age
32:23 Stone Shaft Mining
33:14 Masonry
33:28 Elite Conquistador
35:09 Ring Archer Armor
35:11 Architecture
35:08 Conscription
38:03 Chemistry
38:05 Sanctity
38:16 Caravan
39:44 Hoardings
40:21 Guilds
43:00 Two-Man Saw
46:26 Elite Skirmisher
47:29 Ballistics
47:04 Fletching
49:08 Heavy Plow
49:20 Capped Ram
51:06 Block Printing
51:46 Supremacy
51:27 Inquisition
51:54 Siege Ram
SaKuRuaba Ema
7:48 Feudal Age
9:02 Double-Bit Axe
8:57 Horse Collar
12:00 Castle Age
13:00 Bow Saw
13:36 Wheelbarrow
16:22 Fervor
16:53 Loom
18:18 Heavy Plow
19:53 Hand Cart
19:53 Heavy Plow
20:40 Town Watch
26:25 Imperial Age
24:44 Pikeman
25:25 Squires
25:25 Scale Mail Armor
25:36 Forging
27:24 Chemistry
26:19 Fletching
26:45 Chain Mail Armor
26:36 Halberdier
28:29 Treadmill Crane
28:55 Siege Engineers
28:32 Treadmill Crane
30:04 Plate Mail Armor
30:09 Iron Casting
29:30 Bodkin Arrow
29:57 Ballistics
31:16 Two-Man Saw
30:38 Conscription
30:24 Wagenburg Tactics
31:13 Bombard Tower
33:17 Blast Furnace
31:41 Elite Hussite Wagon
33:27 Caravan
33:40 Guilds
33:54 Bracer
34:23 Padded Archer Armor
35:14 Houfnice
37:33 Arson
38:05 Leather Archer Armor
38:27 Murder Holes
45:40 Coinage
45:58 Ring Archer Armor
46:32 Banking
48:34 Town Patrol
51:29 Masonry
51:40 Sanctity
52:48 Architecture
52:04 Arrowslits
52:52 Architecture
沉香
7:36 Feudal Age
11:09 Castle Age
9:03 Double-Bit Axe
9:27 Horse Collar
17:30 Loom
19:57 Wheelbarrow
20:09 Bow Saw
20:09 Heavy Plow
20:19 Gold Mining
20:25 Stone Mining
21:47 Hand Cart
26:08 Imperial Age
24:05 Scale Barding Armor
23:54 Town Watch
25:03 Gold Shaft Mining
25:49 Chain Barding Armor
25:40 Forging
26:23 Bloodlines
26:14 Husbandry
27:30 Plate Barding Armor
27:16 Elite Mameluke
28:36 Iron Casting
29:44 Conscription
29:53 Town Patrol
30:15 Fletching
31:26 Blast Furnace
35:54 Caravan
36:52 Coinage
39:06 Banking
38:01 Light Cavalry
41:59 Hussar
48:45 Siege Engineers
48:51 Masonry
勇者四叶
8:43 Feudal Age
9:30 Double-Bit Axe
9:30 Horse Collar
12:26 Castle Age
14:02 Wheelbarrow
13:39 Bow Saw
22:45 Scale Barding Armor
23:21 Hand Cart
22:52 Loom
27:53 Imperial Age
26:33 Chain Barding Armor
26:19 Corvinian Army
27:42 Bloodlines
27:33 Husbandry
28:14 Fletching
28:25 Padded Archer Armor
28:56 Conscription
29:06 Conscription
28:12 Elite Magyar Huszar
30:18 Plate Barding Armor
29:39 Bodkin Arrow
29:59 Leather Archer Armor
30:07 Ballistics
30:14 Recurve Bow
31:34 Leather Archer Armor
32:23 Chemistry
31:52 Parthian Tactics
31:19 Heavy Cavalry Archer
33:18 Thumb Ring
39:29 Caravan
44:37 Elite Skirmisher
45:36 Sappers
49:10 Cavalier
51:06 Coinage
50:35 Paladin
Connection lost

Rejoining the realm…

Still unreachable

The connection could not be restored.

Session expired

The server has moved on; the page needs a fresh start.